 Dungeon Crawl Stone Soup version 0.30.1-1-g62c8e00024 (webtiles) character file.

Game seed: 1794089361309048823

1765 tkbsonic5 the Shooter (level 8, -5/65 (71) HPs)
             Began as a Minotaur Hunter on July 16, 2023.
             Slain by a wight
             ... wielding a +3 halberd
              (11 damage)
             ... on level 6 of the Dungeon.
             The game lasted 00:20:11 (4927 turns).

tkbsonic5 the Shooter (Minotaur Hunter)             Turns: 4927, Time: 00:20:11

HP:   -5/65 (71)    AC:  6    Str: 19    XL:     8   Next: 79%
MP:   7/7           EV: 12    Int:  6    God:
Gold: 322           SH:  0    Dex: 16    Spells: 7/7 levels left

rFire   x . .        q - +0 quarterstaff
rCold   + + .        (shield currently unavailable)
rNeg    . . .        f - +0 ring mail
rPois   +            (helmet restricted)
rElec   .            (no cloak)
rCorr   .            (no gloves)
SInv    .            (no boots)
Will    .....        o - amulet of regeneration
Stlth   +            d - ring of ice
HPRegen 1.10/turn    e - ring "Vuhag" {rPois Str+3}
MPRegen 0.10/turn

%: no passive effects
@: hasted, drained, very quick
A: horns 2, retaliatory headbutt, cold resistance 1, poison resistance
a: no special abilities


You were on level 6 of the Dungeon.
You visited 1 branch of the dungeon, and saw 6 of its levels.

You collected 322 gold pieces.

Inventory:

Hand Weapons
 a - a +2 shortbow
 i - a +1 dagger of venom
 m - a +1 whip of venom
 q - a +0 quarterstaff (weapon)
 u - a +0 war axe
Missiles
 g - 6 boomerangs (quivered)
 h - a throwing net
 s - 12 poisoned darts
Armour
 c - a +0 leather armour
 f - a +0 ring mail (worn)
 p - a +0 chain mail
 t - a +0 scale mail
 v - a +0 plate armour
Jewellery
 d - a ring of ice (left hand)
 e - the ring "Vuhag" (right hand) {rPois Str+3}
   (You acquired it on level 2 of the Dungeon)

   [ring of poison resistance]

   Str:       It affects your strength (+3).
   rPois:     It protects you from poison.
 j - a ring of willpower
 o - an amulet of regeneration (around neck)
 w - a ring of flight
Wands
 r - a wand of roots (2)
Scrolls
 b - 3 scrolls of identify
Potions
 l - 2 potions of cancellation
 n - a potion of flight {unknown}
 z - 2 potions of curing {unknown}
 A - a potion of attraction


   Skills:
 * Level 6.4 Fighting
 * Level 6.5 Staves
 - Level 7.4 Ranged Weapons
 + Level 1.3 Throwing
 + Level 4.9 Armour
 + Level 3.7 Dodging
 - Level 0.7 Stealth
 + Level 2.9 Evocations


You had 7 spell levels left.
You didn't know any spells.
Your spell library contained the following spells:

 Spells                   Type           Power      Damage    Failure   Level
 Blink                    Tloc           0%         N/A       77%         2
 Portal Projectile        Hex/Tloc       0%         N/A       94%         3
 Tukima's Dance           Hex            0%         N/A       94%         3
 Manifold Assault         Tloc           0%         N/A       100%        4
 Summon Ice Beast         Ice/Summ       0%         N/A       100%        4
 Blade Hands              Tmut           0%         N/A       100%        5
 Summon Mana Viper        Hex/Summ       0%         N/A       100%        5
 Monstrous Menagerie      Summ           0%         N/A       100%        7
 Storm Form               Tmut/Air       0%         N/A       100%        7


Dungeon Overview and Level Annotations

Branches:
Dungeon (6/15)
 Temple: D:4-7

Altars:
Uskayaw

Annotations:
D:3 1 runed translucent door, boopmooplesden's ghost, amateur DsGl


Innate Abilities, Weirdness & Mutations

You have a pair of horns on your head.
You reflexively headbutt those who attack you in melee.
Your flesh is cold resistant. (rC+)
Your system is resistant to poisons. (rPois)


Message History

The wight hits you but does no damage.
You completely miss the wight.
The wight is severely damaged.
The wight barely misses you.
You hit the wight.
The wight is almost destroyed.
The wight hits you but does no damage. The wight closely misses you.
You hit the wight.
You destroy the wight!
The wight hits you but does no damage.
Your life force feels restored.
The wight hits you with a +3 halberd!
You hit the wight but do no damage.
The wight is heavily damaged.
The wight hits you with a +3 halberd!
You feel drained.
You barely miss the wight.
The wight is heavily damaged.
The wight barely misses you.
You hit the wight but do no damage. You headbutt the wight.
The wight is severely damaged.
The wight closely misses you.
You closely miss the wight. Your headbutt misses the wight.
The wight is severely damaged.
The wight hits you with a +3 halberd.
You feel drained.
Okay, then.
You feel yourself speed up. The wight hits you with a +3 halberd.
* * * LOW HITPOINT WARNING * * *
You barely miss the wight.
The wight is severely damaged.
The wight closely misses you.
You hit the wight but do no damage. Your headbutt misses the wight.
The wight is severely damaged.
You hit the wight.
The wight is almost destroyed.
The wight hits you with a +3 halberd!
* * * LOW HITPOINT WARNING * * *
You feel drained.
* * * LOW HITPOINT WARNING * * *
The wight hits you from afar with a +3 halberd!
You die...

########## .........####
# ##.####.##.. #. #.#
#.##.# #.##.####.##.##
#####.............#
.........####.##..#
..######.# #.##..# ##.#
#.##@.# #..####.##).#
..#####...........z.#
.......................
#######...........#.#.##
#######....##.##.##.# #
...........##.##.. ..
.....##....## #.# ##
.....##..........


You could see a wight.

Vanquished Creatures
  Prince Ribbit (D:5)
  2 sky beasts
  An ice beast (D:6)
  3 gnoll sergeants
  3 scorpions
  3 wights (D:6)
  4 hounds
  A jelly (D:6)
  3 orc priests
  6 iguanas
  3 orc wizards
  8 adders
  14 gnolls
  3 white imps
  20 orcs
  5 bats
  5 endoplasms
  3 giant cockroaches
  6 goblins
  6 hobgoblins
  9 jackals
  4 quokkas
  6 ball pythons
  4 frilled lizards
  2 kobolds
  2 rats
127 creatures vanquished.

Notes
Turn   | Place    | Note
-------+----------+-------------------------------------------
     0 | D:1      | tkbsonic5 the Minotaur Hunter began the quest for the Orb.
     0 | D:1      | Reached XP level 1. HP: 18/18 MP: 0/0
   216 | D:1      | Reached XP level 2. HP: 25/25 MP: 1/1
   455 | D:1      | Reached skill level 1 in Armour
  1150 | D:2      | Reached XP level 3. HP: 30/30 MP: 2/2
  1535 | D:2      | Identified a scroll of acquirement
  1535 | D:2      | Acquired the ring "Vuhag" {rPois Str+3}
  1728 | D:3      | Reached skill level 1 in Staves
  1728 | D:3      | Reached skill level 5 in Ranged Weapons
  1728 | D:3      | Reached XP level 4. HP: 38/38 MP: 3/3
  2124 | D:3      | Reached XP level 5. HP: 44/46 MP: 4/4
  2271 | D:3      | Found a runed translucent door.
  2276 | D:3      | Noticed boopmooplesden's ghost (amateur DsGl)
  2907 | D:4      | Noticed a sky beast
  2928 | D:4      | Killed a sky beast
  2929 | D:4      | Reached XP level 6. HP: 40/52 MP: 5/5
  3319 | D:5      | Entered Level 5 of the Dungeon
  3333 | D:5      | Reached skill level 6 in Ranged Weapons
  3513 | D:5      | Reached skill level 1 in Evocations
  3517 | D:5      | Found a hide-covered altar of Uskayaw.
  3529 | D:5      | Reached XP level 7. HP: 49/60 MP: 6/6
  3533 | D:5      | Noticed Prince Ribbit
  3555 | D:5      | Killed Prince Ribbit
  3564 | D:5      | Reached skill level 5 in Fighting
  3564 | D:5      | Reached skill level 5 in Staves
  4057 | D:6      | Reached skill level 7 in Ranged Weapons
  4059 | D:6      | Reached XP level 8. HP: 60/68 MP: 7/7
  4192 | D:6      | Gained mutation: Your system is resistant to poisons.
                  | (rPois) [potion of mutation]
  4192 | D:6      | Gained mutation: Your flesh is cold resistant. (rC+)
                  | [potion of mutation]
  4904 | D:6      | Reached skill level 1 in Throwing
  4927 | D:6      | Slain by a wight

Illustrated notes

Levels and vault maps discovered:
D:1:      dpeg_arrival_water_temple_mockup, layout_basic,
          minmay_misc_feat_cross, nrook_loot_triangle,
          chequers_serial_rivers_micro_c, minmay_statues_item
D:2:      layout_loops_ring, kennysheep_generic_room_6
D:3:      layout_basic, ebering_ghost_reflecting_pool
D:4:      layout_gridville
D:5:      layout_loops_ring, eat_drink_and_be_merry_uskayaw, feat_on_display,
          uniq_prince_ribbit1
D:6:      layout_basic

Skill      XL: |  1  2  3  4  5  6  7  8 |
---------------+-------------------------+-----
Armour         | 1 2 3 4 |  4.9
Fighting       | 3 4 5 6 |  6.4
Staves         | 1 2 3 4 5 6 |  6.5
Ranged Weapons | 5 6 7 |  7.4
Evocations     | 1 2 |  2.9
Dodging        | 3 |  3.7
Throwing       | 1 |  1.3
Stealth        | |  0.7

Action                     |  1- 3 |  4- 6 |  7- 9 || total
---------------------------+-------+-------+-------++-------
  Melee: Quarterstaff      |     5 |    22 |   114 ||   141
         Headbutt          |     2 |     6 |    25 ||    33
         Dagger            |     1 |    17 |       ||    18
         War axe           |       |     3 |       ||     3
         Whip              |       |     7 |     5 ||    12
         Punch             |       |     1 |       ||     1
   Fire: Shortbow          |    76 |    88 |    56 ||   220
  Throw: Boomerang         |       |       |     8 ||     8
  Evoke: Wand              |       |     1 |     7 ||     8
    Use: Scroll            |     4 |     9 |     3 ||    16
         Potion            |       |     4 |     5 ||     9
 Armour: Ring mail         |    16 |       |    22 ||    38
         Scale mail        |     1 |       |       ||     1
         Leather armour    |     1 |    10 |     1 ||    12
  Dodge: Dodged            |    22 |    33 |    66 ||   121
